 Dungeon Crawl Stone Soup version 0.31-a0-810-ga77100ea1a (webtiles) character file.

Game seed: 14252405230856451587

209 dynsetu the Ruffian (level 5, -1/49 HPs)
             Began as an Octopode Shapeshifter on Sept 21, 2023.
             Slain by an orc
             ... wielding a +0 short sword
              (3 damage)
             ... on level 4 of the Dungeon.
             The game lasted 00:07:13 (2953 turns).

dynsetu the Ruffian (Octopode Shapeshifter)         Turns: 2953, Time: 00:07:14

Health: -1/49      AC: 22    Str: 15    XL:     5   Next: 87%
Magic:  5/5        EV:  2    Int: 13    God:
Gold:   139        SH:  0    Dex: 11    Spells: 4/4 levels left

rFire   . .          .
                       - Unarmed
rCold   . . .        (no shield)
rNeg    . . .        (helmet currently unavailable)
rPois   +            (no amulet)
rElec   .            (no ring)
rCorr   .            (no ring)
SInv    .            (no ring)
Will    .....        (no ring)
Stlth   ++           (no ring)
HPRegen 0.28/turn    (no ring)
MPRegen 0.09/turn    (no ring)
                     (no ring)

%: no passive effects
@: tree-form
A: stationary, stasis, torment immunity, boosted hp, almost no armour,
(amphibious), 8 rings, (camouflage 1), (gelatinous body 1), (nimble swimmer 1),
(tentacles)
a: no special abilities


You were on level 4 of the Dungeon.
You were a tree.
You visited 1 branch of the dungeon, and saw 4 of its levels.

You collected 139 gold pieces.

Inventory:

Missiles
 f - 8 poisoned darts
 i - a throwing net
 j - 5 javelins
 k - 28 stones
Talismans
 b - a beast talisman
 c - a flux talisman
 e - a serpent talisman
Scrolls
 d - a scroll of immolation {unknown}
 g - a scroll of fear {unknown}
 h - 2 scrolls of identify {unknown}
 l - a scroll of blinking {unknown}
 o - a scroll of amnesia {unknown}
 p - a scroll of silence {unknown}
Potions
 m - a potion of degeneration {unknown}
 n - a potion of heal wounds {unknown}


   Skills:
 + Level 1.3 Fighting
 + Level 2.2 Dodging
 + Level 3.2 Stealth
 + Level 4.4 Unarmed Combat
 * Level 4.3 Shapeshifting


You had 4 spell levels left.
You didn't know any spells.
Your spell library contained the following spells:

 Spells                   Type           Power      Damage    Failure   Level
 Sublimation of Blood     Necr           0%         N/A       43%         2
 Wereblood                Tmut           0%         N/A       43%         2
 Summon Hydra             Summ           0%         N/A       100%        7


Dungeon Overview and Level Annotations

Branches:
Dungeon (4/15)
 Temple: D:4-7

Altars:
Vehumet


Innate Abilities, Weirdness & Mutations

You are a tree.
Your roots penetrate the ground, keeping you stationary.
You cannot be teleported.
You are immune to unholy pain and torment.
Your maximum health is greatly increased.
You cannot wear most types of armour.
((You are amphibious.))
You can wear up to eight rings at the same time.
((Your skin changes colour to match your surroundings (Stealth+).))
((Your rubbery body absorbs attacks. (AC +1, EV +1)))
((You are camouflaged when in or above water. (Stealth+)))
((You have tentacles for arms and can constrict up to eight enemies at once.))


Message History

You see here a +0 dagger.
You bludgeon the orc wizard! Your grab misses the orc wizard.
Your squeeze misses the orc wizard.
The orc wizard is heavily wounded.
The orc misses you. The orc wizard misses you.
You tentacle-slap the orc wizard. Your grab misses the orc wizard.
The orc wizard is almost dead.
The orc hits you with a +0 short sword.
The orc wizard gestures at you while chanting.
You are confused.
You are too confused!
You bump into the rock wall.
The orc barely misses you.
The orc wizard hits you with a +3 dagger.
You tentacle-slap the orc wizard.
You kill the orc wizard!
An ufetubus comes into view.
The orc hits you with a +0 short sword.
Your Stealth skill increases to level 3!
The ufetubus barely misses you. The ufetubus closely misses you.
You bump into the rock wall.
The ufetubus hits you. The ufetubus closely misses you.
The ufetubus attacks as it pursues you! The ufetubus hits you. x2
The ufetubus closely misses you. The ufetubus hits you.
You miss the ufetubus. The ufetubus barely misses you. The ufetubus misses you.
The ufetubus attacks as it pursues you! The ufetubus hits you.
* * * LOW HITPOINT WARNING * * *
The ufetubus hits you.
* * * LOW HITPOINT WARNING * * *
There is a stone staircase leading up here.
Your transformation has ended.
You turn into a tree.
Your roots penetrate the ground.
You feel less confused.
The ufetubus hits you but does no damage. x4
Unknown command.
You smack the ufetubus!
You kill the ufetubus!
You barely miss the orc. The orc hits you with a +0 short sword.
* * * LOW HITPOINT WARNING * * *
You barely miss the orc. The orc hits you with a +0 short sword.
You die...

####
#♣)#
##o#
#o#
#)#
#..).#
###.##
.. #.#
..


You could see 2 orcs.

Vanquished Creatures
  An orc priest (D:4)
  An iguana (D:3)
  2 orc wizards
  3 adders
  An ufetubus (D:4)
  A worm (D:2)
  3 dart slugs
  4 orcs
  4 bats
  2 endoplasms
  2 giant cockroaches
  3 goblins (D:1)
  8 hobgoblins
  5 quokkas
  3 ball pythons
  9 frilled lizards
  8 kobolds
  4 rats
64 creatures vanquished.

Notes
Turn   | Place    | Note
-------+----------+-------------------------------------------
     0 | D:1      | dynsetu the Octopode Shapeshifter began the quest for the
                  | Orb.
     0 | D:1      | Reached XP level 1. HP: 13/13 MP: 1/1
   304 | D:1      | Reached XP level 2. HP: 18/18 MP: 2/2
   834 | D:2      | Reached XP level 3. HP: 23/23 MP: 3/3
   989 | D:2      | Reached skill level 1 in Stealth
  1630 | D:2      | Reached XP level 4. HP: 28/28 MP: 4/4
  1932 | D:3      | Reached XP level 5. HP: 21/33 MP: 5/5
  2040 | D:3      | Found a radiant altar of Vehumet.
  2952 | D:4      | HP: 2/49 [orc/+0 short sword (4)]
  2953 | D:4      | Slain by an orc

Illustrated notes

Levels and vault maps discovered:
D:1:      minmay_arrival_semitransparent, layout_loops_corners
D:2:      layout_basic, nicolae_titane
D:3:      layout_loops_corners, mainiacjoe_overflow_six_doors_small,
          grunt_decor_arrowhead, lexackson_kobold_supper
D:4:      layout_basic, uniq_ijyb

Skill      XL: |  1  2  3  4  5 |
---------------+----------------+-----
Stealth        | 1 2 3 |  3.2
Shapeshifting  | 4 |  4.3
Unarmed Combat | 4 |  4.4
Fighting       | |  1.3
Dodging        | |  2.2

Action                     |  1- 3 |  4- 6 || total
---------------------------+-------+-------++-------
  Melee: Unarmed           |    57 |   125 ||   182
         Constrict         |    15 |    15 ||    30
         Tentacles         |    10 |    37 ||    47
         Punch             |     2 |     5 ||     7
    Use: Potion            |       |     1 ||     1
   Stab: Sleeping          |     9 |     7 ||    16
 Armour: Skin              |    18 |    29 ||    47
  Dodge: Dodged            |    22 |    28 ||    50

Table legend: (Time is in decaauts)
 A = Elapsed time spent in this place.
 B = Non-inter-level travel time spent in this place.
 C = Inter-level travel time spent in this place.
 D = Time resting spent in this place.
 E = Time spent auto-exploring this place.
 F = Levels seen in this place.
 G = Mean time per level.
                   A        B        C        D        E       F      G
               +--------+--------+--------+--------+--------+-----+--------+
         Total |   2941 |   2828 |    113 |      4 |   2347 |   4 |  735.2 |
       Dungeon |   2941 |   2828 |    113 |      4 |   2347 |   4 |  735.2 |
               +--------+--------+--------+--------+--------+-----+--------+

Top non-repeatable levels by time:
     D:3: 1232 daAuts
     D:2: 865 daAuts
     D:1: 823 daAuts
     D:4: 18 daAuts
